Unix NetHack Version 5.0.0-0 post-release - last build Jul 19 2026 19:10:59 (3aa4ab31751d3886436d94b585a96704892fd477,branch:main).

Game began 2026-07-19 21:23:15, ended 2026-07-24 06:52:06.

Brudee, chaotic female human Rogue

        -----            -------------                              ---------
        |...|#           |...........|            -------------     |.......|
        |..@Y############.....l..)...| --------  #.............# ## +.......|
        |...|#           |...........| |.......# #|...........|###  |.[.....|
        |...|#[          |...........| |......|###|...........|#####..).%...|
        |...| ##         |...........| |.......#  |...........|     -[-|-----
        --|--  #         ---------.--- |...--|- ##............|      # #
          #    ##                      |...|      -------------        #
          [     #[                     |...|                           #
          [      )                     -----                           #
          ))     ) -------                                             #
           [     o ...+..|                                             #
    -------.--   [|......|                                            -|----
    |..{.....|   #-%)o....                                            |..+.|
    |.<...[..|    |......|                                            |....|
    |.)......|     -------                                            |....|
    ----------                                                        ------

Brudee the Rogue        St:12 Dx:17 Co:17 In:9 Wi:9 Ch:11  Chaotic S:4729
Dlvl:7  $:707 HP:0(65) Pw:26(26) AC:0  Xp:7/714 T:2657 

Latest messages:
 You climb up the stairs.
 Sting stops flickering.
 You descend the stairs.
 Sting flickers light blue!
 There is a doorway here.
 You see here a curved sword.
 You are beginning to feel hungry.
 You see here a curved sword.
 The little dog picks up a curved sword.
 There are several objects here.
 The little dog drops a curved sword.
 What do you want to eat? [jqsuA or ?*] ?
 This lichen corpse tastes okay.
 You stop eating the lichen corpse.
 You hit the ape!
 The ape misses!
 The ape hits!
 The ape misses!
 You hit the ape!
 The ape just misses!
 The ape hits!
 The ape misses!
 You hit the ape.
 The ape hits!
 The ape misses!
 The ape bites!
 You kill the ape!
 You hit the ape.
 The ape misses!
 The ape misses!
 The ape just misses!
 You hit the ape.
 The ape hits!
 The ape hits again!
 The ape misses!
 You hit the ape!
 The ape hits!
 The ape hits again!
 The ape bites!
 You kill the ape!
 You hit the ape!
 The ape hits!
 The ape hits again!
 The ape bites!
 You hit the ape!
 The ape hits!
 The ape hits again!
 You die...
 Do you want your possessions identified? [ynq] (y) y
 Do you want to see your attributes? [ynq] (y) q

Inventory:
 Coins    ('$')
  $ - 707 gold pieces
 Weapons  (')')
  l - 7 +0 arrows
  D - 14 +0 darts
  r - a +0 elven spear
  U - the +1 Sting (weapon in right hand, flickering light blue)
 Armor    ('[')
  Q - an uncursed corroded +0 dwarvish iron helm (being worn)
  g - a blessed +1 pair of water walking boots (being worn)
  F - an uncursed +0 elven cloak (being worn)
  P - an uncursed +0 dwarvish mithril-coat (being worn)
 Comestibles  ('%')
  q - an uncursed banana
  u - an uncursed food ration
  A - an uncursed fortune cookie
  s - an uncursed tin of soup made from jackal meat
  j - an uncursed partly eaten lichen corpse
 Scrolls  ('?')
  C - an uncursed scroll of charging
  o - a cursed scroll of enchant armor
  t - an uncursed scroll of identify
  p - an uncursed scroll of magic mapping
  h - a cursed scroll of magic mapping
  a - an uncursed scroll of scare monster
 Spellbooks  ('+')
  c - an uncursed spellbook of cause fear
 Potions  ('!')
  w - an uncursed potion of blindness
  O - a cursed potion of booze
  k - an uncursed potion of confusion
  B - an uncursed potion of extra healing
  n - a blessed potion of gain ability
  v - a blessed potion of invisibility
  T - an uncursed potion of monster detection
  d - 2 uncursed potions of sickness
  f - a blessed potion of sleeping
 Wands    ('/')
  b - a wand of magic missile (0:3)
  y - a wand of striking (0:8)
 Tools    ('(')
  i - an uncursed sack containing 1 item
  e - an uncursed lock pick
  z - a +0 pick-axe
  m - 6 uncursed tallow candles
 Gems/Stones  ('*')
  R - an uncursed turquoise stone

Contents of the sack:
  856 gold pieces

Brudee the Rogue's attributes:

Background:
 You were a Rogue, level 7 female human.
 You were chaotic, on a mission for Kos
 who was opposed by Issek (lawful) and Mog (neutral).
 You were right-handed.
 You were in the Dungeons of Doom, on level 7.
 You entered the dungeon 2657 turns ago.
 You had 714 experience points, 566 more were needed to attain level 8.
 Your score was 4729 before end-of-game adjustments.

Basics:
 You had 0 out of 65 hit points.
 You had all 26 energy points (spell power).
 Your armor class was 0.
 Your wallet contained 707 zorkmids, and
 you had 856 more stashed away in your pack.
 Autopickup was on for '$!=+?/"' plus thrown.

Final Characteristics:
 Your strength was 12 (limit:18/100).
 Your dexterity was 17 (peak:18, limit:18).
 Your constitution was 17 (limit:18).
 Your intelligence was 9 (limit:18).
 Your wisdom was 9 (limit:18).
 Your charisma was 11 (limit:18).

Final Status:
 You weren't hungry.
 You were unencumbered.
 You were wielding a dagger.
 You had expert skill with dagger.

Final Attributes:
 You were piously aligned.
 You were aware of the presence of orcs.
 You were stealthy.
 You could walk on water.
 You were guarded.
 Your spell casting was impaired by metallic armor.
 You are dead.

Miscellaneous:
 You didn't encounter any bones levels.
 Total elapsed playing time was 2 hours, 17 minutes and 39 seconds.

Major events:
 Turn
    1: Brudee the chaotic female human Rogue entered the dungeon
  702: attained the rank of Cutpurse (level 3)
 2199: attained the rank of Rogue (level 6)
 2266: chose an elven dagger to be named "Sting"
 2657: killed by an ape

Spells:
 Name                 Level Category     Fail Retention
 detect monsters        1   divination   100%  76%-100%
 knock                  1   matter       100%  76%-100%

Skills:
 Fighting Skills
   bare handed combat [Unskilled]
   two weapon combat  [Unskilled]
   riding             [Unskilled]
 Weapon Skills
   dagger             [Expert]
   knife              [Unskilled]
   short sword        [Basic]
   broadsword         [Unskilled]
   long sword         [Unskilled]
   two-handed sword   [Unskilled]
   saber              [Unskilled]
   club               [Unskilled]
   mace               [Unskilled]
   morning star       [Unskilled]
   flail              [Unskilled]
   hammer             [Unskilled]
   polearms           [Unskilled]
   spear              [Unskilled]
   crossbow           [Unskilled]
   dart               [Unskilled]
   shuriken           [Unskilled]
 Spellcasting Skills
   divination spells  [Unskilled]
   escape spells      [Unskilled]
   matter spells      [Unskilled]

Voluntary challenges:
 Character rerolling was not enabled.
 You never genocided any monsters.
 You never polymorphed an object.
 You never changed form.
 You used no wishes.
Achievements:
 You attained the rank of Cutpurse.
 You attained the rank of Rogue.

 The Dungeons of Doom: levels 1 to 7
    Level 1:
       A fountain, a grave.
    Level 2:
       Some fountains.
    Level 3:
       A fountain.
    Level 4:
       Some fountains, a grave.
    Level 5:
       Many fountains.
       Oracle of Delphi.
    Level 6:
    Level 7: <- You were here.
       A fountain.
       Final resting place for
          you, killed by an ape.


Vanquished creatures:
  5 leprechauns
  a dwarf mummy
  2 ravens
  2 apes
  2 Mordor orcs
  6 Uruk-hai
  2 rock moles
  a straw golem
  a giant ant
  a little dog
  a floating eye
  2 dwarves
  a kobold leader
 10 hill orcs
  a rothe
  a dwarf zombie
  a wererat
  2 werejackals
 an acid blob
  a coyote
  a hobbit
  3 giant rats
  a yellow mold
  a gnome zombie
  3 geckos
  3 jackals
  2 foxes
  a kobold
  7 sewer rats
  5 grid bugs
  4 lichens
  2 newts
77 creatures vanquished.

No species were genocided or became extinct.

Game over:
                       ----------
                      /          \
                     /    REST    \
                    /      IN      \
                   /     PEACE      \
                  /                  \
                  |      Brudee      |
                  |     1563 Au      |
                  | killed by an ape |
                  |                  |
                  |                  |
                  |                  |
                  |       2026       |
                 *|     *  *  *      | *
        _________)/\\_//(\/(/\)/\//\/|_)_______

Goodbye Brudee the Rogue...

You died in The Dungeons of Doom on dungeon level 7 with 4573 points,
and 1563 pieces of gold, after 2657 moves.
You were level 7 with a maximum of 65 hit points when you died.

